 Dungeon Crawl Stone Soup version 0.19.1 (webtiles) character file.

165 esteth the Skirmisher (level 5, -3/43 HPs)
             Began as a Formicid Abyssal Knight on Dec 15, 2016.
             Was a Believer of Lugonu.
             Slain by a bullfrog (8 damage)
             ... on level 6 of the Dungeon.
             The game lasted 00:09:26 (3145 turns).

esteth the Skirmisher (Formicid Abyssal Knight)     Turns: 3145, Time: 00:09:27

Health: -3/43      AC:  3    Str: 17    XL:     5   Next: 74%
Magic:  5/6        EV: 12    Int: 11    God:    Lugonu [**....]
Gold:   163        SH:  0    Dex: 11    Spells: 0 memorised, 4 levels left

rFire  . . .     SeeInvis +     a - +1 hand axe
rCold  . . .     Gourm    .     x - +0 animal skin
rNeg   . . .     Faith    .     (no shield)
rPois  .         Spirit   .     (helmet unavailable)
rElec  .         Reflect  .     (no cloak)
rCorr  .         Harm     .     d - +0 pair of gloves
MR     .....                    (no boots)
Stlth  +.........               (no amulet)
                                (no ring)
                                (no ring)

@: no status effects
A: permanent stasis, dig shafts and tunnels, four strong arms, antennae 3
a: Dig, Shaft Self, Depart the Abyss, Bend Space, Renounce Religion


You were on level 6 of the Dungeon.
You worshipped Lugonu.
Lugonu was pleased with you.
You were very hungry.

You visited 1 branch of the dungeon, and saw 6 of its levels.
You visited the Abyss 1 time.

You collected 163 gold pieces.

Inventory:

Hand Weapons
 a - a +1 hand axe (weapon)
Armour
 b - a +0 leather armour
 d - a +0 pair of gloves (worn)
 f - a +0 ring mail
 x - a +0 animal skin (worn)
Jewellery
 p - an uncursed ring of protection from magic {unknown}
Scrolls
 c - a scroll of teleportation {unknown}
 e - a scroll of recharging {unknown}
 g - 3 scrolls of immolation {unknown}
 j - 2 scrolls of identify {unknown}
 l - a scroll of blinking {unknown}
 q - a scroll of noise {unknown}
 u - 2 scrolls of remove curse {unknown}
 w - a scroll of amnesia {unknown}
 y - a scroll of magic mapping {unknown}
Potions
 h - a potion of agility {unknown}
 i - a potion of flight {unknown}
 k - a potion of lignification {unknown}
 o - 4 potions of curing {unknown}
 s - a potion of cure mutation {unknown}
 v - a potion of invisibility {unknown}
Comestibles
 m - 2 fruits
 n - 2 royal jellies
 r - a bread ration


   Skills:
 + Level 4.5 Fighting
 * Level 4.4 Axes
 - Level 2.2 Armour
 - Level 1.1 Dodging
 - Level 2.2 Invocations


You had 4 spell levels left.
You didn't know any spells.

Dungeon Overview and Level Annotations

Branches:
Dungeon (7/15)
 Temple: D:4-7

Altars:
Ashenzari
Elyvilon
Hepliaklqana
Okawaru
Qazlal
Trog
Uskayaw
Zin

Annotations:
D:4 Edmund


Innate Abilities, Weirdness & Mutations

You are under a permanent stasis effect.
You can dig through walls and to a lower floor.
Your four strong arms can wield two-handed weapons with a shield.
You have a pair of large antennae on your head. (SInv)


Message History

The orc shouts!
The leopard gecko zombie bites you but does no damage.
The bullfrog closely misses you.
An orc comes into view. It is wielding a dagger.
The orc shouts!
The leopard gecko zombie closely misses you.
An orc warrior comes into view. It is wielding a glaive.
There is a stone staircase leading up here.
The bullfrog barely misses you.
The bullfrog hits you but does no damage.
The leopard gecko zombie bites you.
* * * LOW HITPOINT WARNING * * *
You climb upwards.
A quokka comes into view.
There is a stone staircase leading down here.
Space bends around you!
You blink.
* * * LOW HITPOINT WARNING * * *
Found 16 arrows.
The bullfrog hits you!
You die...

... ...
#..##...######
#.#.#.#.#>#.#
...............r
##.#.#.#.#.#.#.#.#
#..............
##.#.#.#.#.#.#.#
#. #F..### ## #
#@#.# #.#.# #.. .
##.#.# (. # #.. ..
#.#


You could see a bullfrog.

Vanquished Creatures
  An orc wizard (D:4)
  Robin (D:4)
  An adder (D:3)
  2 oozes
  A worm (D:4)
  3 dart slugs (D:1)
  3 leopard geckos
  12 orcs (D:4)
  2 ball pythons
  4 giant cockroaches
  10 hobgoblins
  A quokka (D:2)
  7 bats
  6 frilled lizards
  18 goblins
  7 kobolds
  2 rats
81 creatures vanquished.

Notes
Turn   | Place    | Note
-------+----------+-------------------------------------------
     0 | Abyss:1  | esteth the Formicid Abyssal Knight began the quest for the Orb.
     0 | Abyss:1  | Reached XP level 1. HP: 18/18 MP: 2/2
    38 | Abyss:1  | Found a corrupted altar of Lugonu.
   183 | Abyss:1  | Noticed a quasit
   201 | D:1      | Escaped the Abyss
   257 | D:1      | Reached skill level 1 in Dodging
   358 | D:1      | Reached * piety under Lugonu
   362 | D:1      | Reached XP level 2. HP: 24/24 MP: 3/3
   557 | D:1      | Reached XP level 3. HP: 24/30 MP: 4/4
   968 | D:2      | Found an iron altar of Okawaru.
   968 | D:2      | Found a stormy altar of Qazlal.
  1158 | D:2      | Found a bloodstained altar of Trog.
  1158 | D:2      | Found a hazy altar of Hepliaklqana.
  1490 | D:2      | Reached XP level 4. HP: 27/37 MP: 5/5
  1618 | D:2      | Found a glowing silver altar of Zin.
  1620 | D:2      | Found a hide-covered altar of Uskayaw.
  1949 | D:3      | Found a shattered altar of Ashenzari.
  2248 | D:3      | Reached ** piety under Lugonu
  2448 | D:4      | Reached XP level 5. HP: 24/42 MP: 6/6
  2687 | D:4      | Noticed Robin
  2723 | D:4      | Killed Robin
  2865 | D:4      | Found a white marble altar of Elyvilon.
  3030 | D:4      | Noticed an ogre
  3105 | D:4      | Noticed Edmund
  3113 | D:4      | You fall through a shaft for 3 floors!
  3113 | D:7      | Noticed a bullfrog
  3139 | D:7      | Noticed an orc warrior
  3145 | D:6      | Slain by a bullfrog

Skill      XL: |  1  2  3  4  5 |
---------------+----------------+-----
Dodging        | 1 |  1.1
Axes           | 3 4 |  4.4
Fighting       | 4 |  4.5
Armour         | |  2.2
Invocations    | |  2.2

Action                   |  1- 3 |  4- 6 || total
-------------------------+-------+-------++-------
Melee: Hand axe          |   106 |   144 ||   250
Invok: Depart the Abyss  |     1 |       ||     1
       Bend Space        |       |     2 ||     2
 Abil: Shaft Self        |       |     1 ||     1
  Eat: Bread ration      |       |     1 ||     1
       Chunk             |       |     2 ||     2
Armor: Ring mail         |    62 |    51 ||   113
       Animal skin       |       |     3 ||     3
Dodge: Dodged            |    57 |    70 ||   127
